 Dungeon Crawl Stone Soup version 0.18.1-50-g88ac8fd (webtiles) character file.

37 RudyRod the Skirmisher (level 3, -2/34 HPs)
             Began as a Naga Fighter on Oct 12, 2016.
             Was a Follower of Makhleb.
             Slain by Crazy Yiuf
             ... wielding a +2 quarterstaff of chaos
              (13 damage)
             ... while paralysed by Crazy Yiuf
             ... on level 2 of the Dungeon.
             The game lasted 00:04:56 (1651 turns).

RudyRod the Skirmisher (Naga Fighter)               Turns: 1651, Time: 00:04:58

Health: -2/34      AC:  4    Str: 19    XL:     3   Next: 41%
Magic:  3/3        EV:  1    Int:  8    God:    Makhleb [*.....]
Gold:   120        SH:  0    Dex: 10    Spells: 0 memorised, 2 levels left

rFire  . . .     SeeInvis +     a - +0 long sword
rCold  . . .     Gourm    .     b - +0 scale mail
rNeg   . . .     Faith    .     c - +0 shield
rPois  +         Spirit   .     (no helmet)
rElec  .         Dismiss  .     (no cloak)
rCorr  .         Reflect  .     (no gloves)
SustAt .         Harm     .     (no barding)
MR     .....                    (no amulet)
Stlth  ..........               (no ring)
                                (no ring)

@: paralysed, very slow, not resistant to hostile enchantments, extremely
unstealthy
A: see invisible, deformed body, poison resistance, slowness 2, slow metabolism
1, spit poison 2, AC +1
a: Spit Poison, Renounce Religion


You were on level 2 of the Dungeon.
You worshipped Makhleb.
Makhleb was aware of your devotion.
You were not hungry.

You visited 1 branch of the dungeon, and saw 2 of its levels.

You collected 120 gold pieces.

Inventory:

Hand Weapons
 a - a +0 long sword (weapon)
Armour
 b - a +0 scale mail (worn)
 c - a +0 shield (worn)
Jewellery
 h - a +2 ring of intelligence {unknown}
Scrolls
 e - 3 scrolls of identify {unknown}
 i - a scroll of random uselessness {unknown}
 j - a scroll of enchant armour {unknown}
 m - a scroll of enchant weapon {unknown}
 o - a scroll of amnesia {unknown}
 r - a scroll of immolation {unknown}
 t - 2 scrolls of blinking {unknown}
Potions
 d - a potion of might
 k - a potion of curing {unknown}
 n - a potion of heal wounds {unknown}
 p - a potion of flight {unknown}
 s - a potion of brilliance {unknown}
 u - a potion of lignification {unknown}
Comestibles
 f - a bread ration
 g - a slice of pizza
 l - 2 beef jerkies
 q - a royal jelly


   Skills:
 + Level 3.2 Fighting
 + Level 2.2 Long Blades
 + Level 2.5 Armour
 * Level 0.5 Dodging
 * Level 1.6 Stealth
 + Level 2.8 Shields


You had 2 spell levels left.
You didn't know any spells.

Dungeon Overview and Level Annotations

Branches:
Dungeon (2/15)

Altars:
Makhleb
Trog
The Shining One

Annotations:
D:2 Crazy Yiuf


Innate Abilities, Weirdness & Mutations

You cannot wear boots.
Your serpentine skin is tough (AC +1).
You have supernaturally acute eyesight.
Armour fits poorly on your strangely shaped body.
Your system is resistant to poisons.
You cover ground very slowly.
You have a slow metabolism.
You can spit poison.


Message History

The adder bites you. You block the adder's attack.
You miss the adder.
The adder is almost dead.
The adder bites you but does no damage. You block the adder's attack.
You hit the adder.
You kill the adder!
Makhleb accepts your kill.
t - 2 scrolls labeled JINA JAIRY (gained 1)
Found a stone staircase leading down.
u - a smoky coppery potion
Found a mace.
Crazy Yiuf the Enlightened comes into view.
He is wielding a quarterstaff of chaos.
Crazy Yiuf hits you but does no damage.
You suddenly lose the ability to move!
Crazy Yiuf says, "Proton cower infinity!"
Crazy Yiuf hits you with a quarterstaff of chaos!
Crazy Yiuf burns you.
Crazy Yiuf says, "Spliff return to song sing-song!"
Crazy Yiuf hits you with a quarterstaff of chaos!
You are electrocuted!
You die...

###### #.....
####..#.# #.......รท
### ####.)#..#.#
#)..### ##.....#..#.#
#...g@####......#..#.#
#...##..#......##..#.#
### ###.#.....##..#..
#######.....###
#.....# # #####
#..#..# ########...##
#.....###
#...........#
#........
#.######...##
##..#####


You could see Crazy Yiuf.

Vanquished Creatures
  An adder (D:2)
  A dart slug (D:1)
  2 giant cockroaches (D:1)
  4 goblins
  3 hobgoblins
  4 jackals (D:2)
  3 kobolds
  2 bats (D:1)
  4 rats
24 creatures vanquished.

Notes
Turn   | Place    | Note
--------------------------------------------------------------
     0 | D:1      | RudyRod the Naga Fighter began the quest for the Orb.
     0 | D:1      | Reached XP level 1. HP: 21/21 MP: 1/1
    43 | D:1      | Found a glowing golden altar of the Shining One.
   422 | D:1      | Reached XP level 2. HP: 27/28 MP: 2/2
  1095 | D:2      | Found a bloodstained altar of Trog.
  1259 | D:2      | Reached skill level 1 in Stealth
  1264 | D:2      | Reached XP level 3. HP: 22/34 MP: 3/3
  1412 | D:2      | Found a bloodstained altar of Trog.
  1493 | D:2      | Found a faded altar to an unknown god.
  1504 | D:2      | Became a worshipper of Makhleb the Destroyer
  1504 | D:2      | Reached * piety under Makhleb
  1647 | D:2      | Noticed Crazy Yiuf
  1649 | D:2      | Paralysed by Crazy Yiuf for 3 turns
  1651 | D:2      | Slain by Crazy Yiuf

Skill      XL: |  1  2 |
---------------+-------+-----
Stealth        | 1 |  1.6
Fighting       | |  3.2
Long Blades    | |  2.2
Armour         | |  2.5
Dodging        | |  0.5
Shields        | |  2.8

Action                   || total
-------------------------++-------
Melee: Long sword        ||    87
 Abil: Spit Poison       ||     5
  Eat: Chunk             ||     1
       Bread ration      ||     1
Armor: Scale mail        ||    37
Dodge: Dodged            ||    30
Block: Shield            ||    40
